 Dungeon Crawl Stone Soup version 0.27.1-2-g3b301248ec (webtiles) character file.

Game seed: 5738524802110954955

14312 GameOver the Lord of Darkness (level 12, 0/88 HPs)
             Began as a Naga Hedge Wizard on Sept 14, 2021.
             Was the Champion of Kikubaaqudgha.
             Engulfed by a cloud of flame (15 damage)
             ... on level 2 of the Orcish Mines on Sept 23, 2021.
             The game lasted 01:30:26 (9181 turns).

GameOver the Lord of Darkness (Naga Hedge Wizard)   Turns: 9181, Time: 01:30:27

Health: 0/88       AC: 17    Str:  9    XL:     12   Next: 15%
Magic:  23/34      EV: 13    Int: 26    God:    Kikubaaqudgha [******]
Gold:   501        SH:  4    Dex: 11    Spells: 6/29 levels left

rFire    . . .     SeeInvis +   w - +2 morningstar (pain)
rCold    . . .     Faith    +   i - +0 buckler
rNeg     + . .     Spirit   .   I - +3 steam dragon scales
rPois    +         Reflect  .   c - +0 helmet of Distant Shores {rCorr Int+6}
rElec    +         Harm     .   C - +1 cloak
rCorr    +         Rampage  .   O - +0 pair of gloves
Will     +....                  (no barding)
Stlth    ++++......             P - amulet of Yvueng {Faith rElec rN+ MP+9 Str-3}
HPRegen  0.24/turn              E - +4 ring of protection
MPRegen  0.24/turn              v - +4 ring of evasion

@: very slow
A: AC +4, large, see invisible, deformed body, poison resistance, slowness 2,
spit poison 1, naga tail 1
a: Spit Poison, Renounce Religion, Receive Corpses, Torment, Brand Weapon With
Pain, Receive Forbidden Knowledge


You were on level 2 of the Orcish Mines.
You worshipped Kikubaaqudgha.
Kikubaaqudgha was exalted by your worship.
You visited 4 branches of the dungeon, and saw 14 of its levels.
You also visited: Sewer and Bailey.

You collected 1853 gold pieces.
You spent 1352 gold pieces at shops.

Inventory:

Hand Weapons
 s - a +4 spear
 w - a +2 morningstar of pain (weapon)
 R - a +3 scimitar of flaming
 W - a +5 flail
Missiles
 d - 308 stones
 p - 2 throwing nets
Armour
 c - the +0 helmet of Distant Shores (worn) {rCorr Int+6}
   (You found it on level 9 of the Dungeon)

   Int:       It affects your intelligence (+6).
   rCorr:     It protects you from acid and corrosion.
 i - a +0 buckler (worn)
 C - a +1 cloak (worn)
 I - +3 steam dragon scales (worn)
 O - a +0 pair of gloves (worn)
 S - a +1 robe of fire resistance
Magical Staves
 e - a staff of poison
 M - a staff of cold
Jewellery
 b - the ring "Valous" {rC+ rCorr Str+2 Dex-2}
   (You took it off an orc on level 6 of the Dungeon)

   [ring of protection from cold]

   Str:       It affects your strength (+2).
   Dex:       It affects your dexterity (-2).
   rC:        It protects you from cold.
   rCorr:     It protects you from acid and corrosion.
 v - a +4 ring of evasion (right hand)
 E - a +4 ring of protection (left hand)
 P - the amulet of Yvueng (around neck) {Faith rElec rN+ MP+9 Str-3}
   (You bought it in a shop on level 6 of the Dungeon)

   [amulet of faith]

   It allows you to gain divine favour quickly.
   Str:       It affects your strength (-3).
   rElec:     It insulates you from electricity.
   rN:        It protects you from negative energy.
   MP:        It affects your magic capacity (+9).
Wands
 G - a wand of iceblast (11)
 Y - a wand of flame (41)
Scrolls
 a - 2 scrolls of immolation
 f - a scroll of torment {unknown}
 k - 2 scrolls of noise {unknown}
 l - 3 scrolls of amnesia {unknown}
 n - 2 scrolls of vulnerability {unknown}
 r - a scroll of enchant weapon {unknown}
 y - 3 scrolls of fear
 B - 2 scrolls of enchant armour
 D - 3 scrolls of teleportation
 F - a scroll of blinking
 L - a scroll of magic mapping {unknown}
 V - a scroll of summoning {unknown}
 Z - a scroll of brand weapon {unknown}
Potions
 g - a potion of degeneration {unknown}
 h - 4 potions of brilliance
 j - 3 potions of curing
 m - 2 potions of haste
 o - 4 potions of flight
 q - a potion of attraction {unknown}
 t - a potion of might {unknown}
 u - 3 potions of heal wounds
 x - 2 potions of cancellation
 z - 3 potions of mutation
 A - a potion of magic
 K - a potion of ambrosia {unknown}
 N - 2 potions of berserk rage
 T - a potion of lignification {unknown}
 X - a potion of invisibility {unknown}
Miscellaneous
 J - a piece from Xom's chessboard (15/15)
 Q - a lightning rod (3/4)


   Skills:
 - Level 1.5 Dodging
 - Level 9.0 Stealth
 - Level 3.0 Shields
 - Level 9.0 Spellcasting
 * Level 7.4 Conjurations
 - Level 1.0 Summonings
 + Level 12.8 Necromancy
 - Level 3.0 Translocations
 - Level 9.0 Poison Magic


You had 6 spell levels left.
You knew the following spells:

 Your Spells              Type           Power      Damage    Failure   Level
a - Magic Dart            Conj           100%       1d8       1%          1
b - Blink                 Tloc           N/A        N/A       2%          2
c - Dispel Undead         Necr           67%        3d23      1%          4
d - Mephitic Cloud        Conj/Pois/Air  40%        N/A       1%          3
q - Animate Dead          Necr           33%        N/A       1%          4
s - Iskenderun's Mystic   Conj/Tloc      38%        2d9       6%          4
C - Vampiric Draining     Necr           33%        2d10      1%          3
Z - Sublimation of Blood  Necr           33%        N/A       1%          2

Your spell library contained the following spells:

 Spells                   Type           Power      Damage    Failure   Level
 Animate Skeleton         Necr           100%       N/A       1%          1
 Foxfire                  Conj/Fire      100%       2x1d9     1%          1
 Pain                     Necr           100%       1d9       1%          1
 Agony                    Necr           67%        N/A       1%          5
 Excruciating Wounds      Necr           33%        N/A       1%          5
 Conjure Flame            Conj/Fire      30%        6-21      3%          3
 Call Imp                 Summ           16%        N/A       4%          2
 Slow                     Hex            11%        N/A       8%          2
 Fulminant Prism          Conj/Hex       15%        3d11      11%         4
 Inner Flame              Hex/Fire       11%        N/A       16%         3
 Simulacrum               Ice/Necr       22%        N/A       50%         6
 Lee's Rapid Deconstruct  Erth           5%         3d7*      80%         5


Dungeon Overview and Level Annotations

Branches:
Dungeon (10/15)            Temple (1/1) D:5            Lair (0/6) D:10
    Orc (2/2) D:10            Elf (1/3) Orc:2         Sewer (visited)
 Bailey (visited)

Altars:
Ashenzari
Cheibriados
Dithmenos
Elyvilon
Fedhas
Hepliaklqana
Kikubaaqudgha
Makhleb
Nemelex Xobeh
Qazlal
Ru
Sif Muna
Trog
Yredelemnul
The Shining One

Shops:
D:2 *   D:5 ?   D:6 =

Annotations:
D:7 needs dig wand


Innate Abilities, Weirdness & Mutations

Your serpentine skin is tough. (AC +4)
You have supernaturally acute eyesight. (SInv)
Armour fits poorly on your strangely shaped body.
Your system is resistant to poisons. (rPois)
You cover ground very slowly.
You can spit poison.
You have a snake-like lower body.


Message History

The fire elemental is heavily damaged.
The thunderbolt hits the deep elf pyromancer.
The deep elf pyromancer is almost dead.
You have got your breath back.
You hear a shout!
The fire elemental hits your deep elf zephyrmancer zombie.
The fire elemental burns your deep elf zephyrmancer zombie!
Your deep elf zephyrmancer zombie is destroyed!
The orc warrior unwields a +0 broad axe.
The orc warrior wields a +0 arbalest.
The orc warrior shoots a bolt.
The bolt hits you.
* * * LOW HITPOINT WARNING * * *
The fire elemental barely misses you.
Unknown command.
Unknown command.
Unknown command.
Unknown command.
Aiming: Iceblast
Press: ? - help, Shift-Dir - straight line, p - fire elemental The mass of ice explodes!
The iceblast engulfs the deep elf pyromancer!
You kill the deep elf pyromancer!
Kikubaaqudgha accepts your kill.
The fire elemental disappears in a puff of smoke! x2
The iceblast engulfs the orc!
You kill the orc!
Kikubaaqudgha accepts your kill.
The orc warrior shoots a bolt.
The bolt hits you.
* * * LOW HITPOINT WARNING * * *
Unknown command.
Unknown command.
Unknown command.
Unknown command.
Casting: Vampiric Draining (safe; 1% risk of failure)
Confirm with . or Enter, or press ? or * to list all spells.
You blink.
An orc warrior comes into view. It is wielding a +0 glaive.
You are engulfed in blazing flames.
You die...
Kikubaaqudgha rasps: "You have failed me!
Welcome... death!"

### #... ##.# #... ###..#
#... ##....# #... #.....#
.°. #... ###....# ....
#...
##[##§§§######''######...
#.[))..°@)..............<
##)##..)))...............
######.#....o...$.....$.
###...#..o...e.o...
##...o...o.o§.....
#....#..o#.o......
#.....4..........
##.##............
#............


You could see an orange demon (summoned), an orc sorcerer (fleeing), 2 orc
warriors and an orc wizard (invisible, fleeing).

Vanquished Creatures
  Erica (D:9)
  2 deep elf pyromancers (Orc:2)
  A deep elf zephyrmancer (Orc:2)
  2 orc knights
  A cyclops (D:10)
  2 trolls
  A slime creature (D:7)
  2 shadows (D:10)
  A wraith (D:6)
  17 yaks
  A wyvern (D:7)
  Grum (D:8)
  A steam dragon (D:8)
  Edmund (D:4)
  3 wargs (D:10)
  2 acid dragons
  A water moccasin (D:9)
  11 orc warriors
  5 sky beasts
  2 black bears
  4 wolves (D:8)
  3 centaurs
  5 ogres
  3 phantoms
  3 kobold brigands
  A gnoll sergeant (D:9)
  3 bullfrogs
  2 wyvern zombies
  2 scorpions
  2 wyvern skeletons
  A water moccasin skeleton (D:6)
  A troll zombie (D:10)
  18 wights
  A crimson imp (Orc:2)
  A jelly (D:6)
  2 hounds
  Crazy Yiuf (D:4)
  A bullfrog skeleton (D:6)
  7 orc priests
  A gnoll shaman (D:10)
  2 centaur skeletons
  Jessica (D:2)
  4 iguanas
  14 orc wizards
  Natasha (twice) (D:2)
  A killer bee zombie (D:5)
  4 ogre zombies (D:10)
  2 howler monkey zombies
  9 gnolls
  6 adders
  9 river rats
  3 shadow imps
  4 white imps
  3 ufetubi
  An adder skeleton (D:4)
  A worm (D:3)
  5 dart slugs
  46 orcs
  9 bats
  3 bat zombies (D:3)
  4 endoplasms
  2 giant cockroaches
  14 goblins
  8 hobgoblins
  36 kobolds
  3 quokkas
  10 ball pythons
  2 frilled lizards
  2 goblin zombies (D:10)
  A hobgoblin skeleton (D:10)
  2 hobgoblin zombies (D:10)
  14 orc zombies (D:10)
  24 rats
  3 rat zombies (D:3)
374 creatures vanquished.

Vanquished Creatures (collateral kills)
  Joseph (D:8)
  Maggie (D:6)
  A howler monkey zombie (D:8)
  4 orcs
7 creatures vanquished.

Vanquished Creatures (others)
  A swamp drake (Orc:2)
  Natasha (D:2)
  An orc (Orc:2)
  6 plants (D:5)
9 creatures vanquished.

Grand Total: 390 creatures vanquished

Notes
Turn   | Place    | Note
-------+----------+-------------------------------------------
     0 | D:1      | GameOver the Naga Hedge Wizard began the quest for the Orb.
     0 | D:1      | Reached XP level 1. HP: 15/15 MP: 4/4
    65 | D:1      | Reached XP level 2. HP: 22/22 MP: 6/6
   627 | D:1      | Reached XP level 3. HP: 28/28 MP: 7/7
   716 | D:2      | Found a faded altar of an unknown god.
   765 | D:2      | Found a sacrificial altar of Ru.
   842 | D:2      | Reached XP level 4. HP: 23/36 MP: 0/8
  1010 | D:2      | Killed Natasha
  1034 | D:2      | Noticed Jessica
  1035 | D:2      | Found Pinweq's Assorted Antiques.
  1044 | D:2      | Killed Jessica
  1060 | D:2      | Bought a scroll labelled DYSAASI YKOORGH for 23 gold pieces
  1060 | D:2      | Bought a scroll labelled EVE ZUIMOD for 23 gold pieces
  1189 | D:2      | Noticed Natasha
  1192 | D:2      | Killed Natasha
  1193 | D:2      | Reached XP level 5. HP: 38/42 MP: 6/9
  1277 | D:2      | Noticed Natasha
  1285 | D:2      | Killed Natasha
  1286 | D:2      | Reached skill level 5 in Conjurations
  1372 | D:3      | Found an ancient bone altar of Kikubaaqudgha.
  1386 | D:3      | Became a worshipper of Kikubaaqudgha
  1462 | D:3      | Found a blossoming altar of Fedhas.
  1827 | D:3      | Learned a level 2 spell: Blink
  1831 | D:3      | Learned a level 3 spell: Mephitic Cloud
  1875 | D:3      | Reached * piety under Kikubaaqudgha
  1875 | D:3      | Received a gift from Kikubaaqudgha
  1886 | D:3      | Learned a level 3 spell: Vampiric Draining
  1908 | D:3      | Reached XP level 6. HP: 23/49 MP: 0/10
  2193 | D:4      | Reached skill level 1 in Poison Magic
  2302 | D:4      | Reached skill level 1 in Necromancy
  2318 | D:4      | Found a glowing drain.
  2327 | Sewer    | Entered a sewer
  2434 | Sewer    | Reached ** piety under Kikubaaqudgha
  2449 | Sewer    | Reached XP level 7. HP: 55/55 MP: 9/11
  3001 | D:4      | Reached skill level 2 in Necromancy
  3062 | D:4      | Found a runed translucent door.
  3063 | D:4      | Noticed Crazy Yiuf
  3077 | D:4      | Killed Crazy Yiuf
  3182 | D:4      | Noticed Edmund
  3217 | D:4      | Killed Edmund
  3218 | D:4      | Reached skill level 5 in Stealth
  3218 | D:4      | Reached skill level 5 in Poison Magic
  3218 | D:4      | Reached XP level 8. HP: 52/62 MP: 9/12
  3284 | D:5      | Entered Level 5 of the Dungeon
  3711 | D:5      | Reached *** piety under Kikubaaqudgha
  3711 | D:5      | Received a gift from Kikubaaqudgha
  3716 | D:5      | Found a staircase to the Ecumenical Temple.
  3720 | Temple   | Entered the Ecumenical Temple
  3726 | Temple   | Learned a level 4 spell: Animate Dead
  4065 | D:5      | Found Tashrinor's Magic Scroll Emporium.
  4068 | D:5      | Bought a scroll of identify for 20 gold pieces
  4068 | D:5      | Bought a scroll of blinking for 75 gold pieces
  4068 | D:5      | Bought a scroll of teleportation for 30 gold pieces
  4068 | D:5      | Bought a scroll of identify for 20 gold pieces
  4068 | D:5      | Bought 2 scrolls of identify for 40 gold pieces
  4068 | D:5      | Bought a scroll of identify for 20 gold pieces
  4077 | D:5      | Reached skill level 10 in Necromancy
  4077 | D:5      | Reached XP level 9. HP: 68/68 MP: 13/20
  4083 | D:5      | Learned a level 4 spell: Dispel Undead
  4252 | D:5      | Found a sparkling altar of Nemelex Xobeh.
  4254 | D:5      | Found a bloodstained altar of Trog.
  4256 | D:5      | Found a shimmering blue altar of Sif Muna.
  4258 | D:5      | Found a burning altar of Makhleb.
  4583 | D:6      | Found Mehi's Jewellery Boutique.
  4629 | D:6      | Identified the ring "Valous" {rC+ rCorr Str+2 Dex-2}
  4874 | D:6      | Noticed Maggie
  4886 | D:6      | Reached XP level 10. HP: 59/75 MP: 6/21
  4897 | D:6      | Killed Maggie
  5363 | D:7      | Found a flagged portal.
  5375 | Bailey   | Entered a bailey
  5492 | Bailey   | Found a burning altar of Makhleb.
  5492 | Bailey   | Noticed an orc knight
  5507 | Bailey   | Killed an orc knight
  5663 | D:7      | Reached **** piety under Kikubaaqudgha
  5935 | D:5      | Bought a scroll of fear for 35 gold pieces
  5935 | D:5      | Bought a scroll of enchant armour for 75 gold pieces
  5985 | D:6      | Bought the amulet of Yvueng {Faith rElec rN+ MP+9 Str-3}
                  | for 991 gold pieces
  6271 | D:8      | You fall into a shaft and drop 1 floor!
  6271 | D:9      | Noticed Erica
  6290 | D:9      | Killed Erica
  6291 | D:9      | Reached skill level 11 in Necromancy
  6390 | D:8      | Noticed Grum
  6405 | D:8      | Reached XP level 11. HP: 75/81 MP: 23/23
  6407 | D:8      | Killed Grum
  6480 | D:8      | Noticed Joseph
  6506 | D:8      | Killed Joseph
  6837 | D:9      | Upgraded the game from 0.27.1-1-g398f81649c to
                  | 0.27.1-2-g3b301248ec
  6873 | D:9      | Identified the +0 helmet of Distant Shores {rCorr Int+6}
  7038 | D:9      | Reached ***** piety under Kikubaaqudgha
  7646 | D:10     | Entered Level 10 of the Dungeon
  7684 | D:10     | Reached skill level 1 in Shields
  7735 | D:10     | Reached skill level 12 in Necromancy
  7857 | D:10     | Found a staircase to the Lair.
  8044 | D:10     | Learned a level 2 spell: Sublimation of Blood
  8066 | D:10     | Learned a level 4 spell: Iskenderun's Mystic Blast
  8070 | D:10     | Found a staircase to the Orcish Mines.
  8179 | D:10     | Noticed a cyclops
  8191 | D:10     | Killed a cyclops
  8707 | Orc:1    | Entered Level 1 of the Orcish Mines
  8727 | Orc:1    | Reached ****** piety under Kikubaaqudgha
  8981 | Orc:2    | Entered Level 2 of the Orcish Mines
  8981 | Orc:2    | Noticed an orc sorcerer
  8981 | Orc:2    | Found a staircase to the Elven Halls.
  8984 | Elf:1    | Entered Level 1 of the Elven Halls
  8984 | Elf:1    | Noticed a deep elf pyromancer
  8984 | Elf:1    | Noticed a deep elf pyromancer
  8984 | Elf:1    | Noticed a deep elf zephyrmancer
  8984 | Elf:1    | Noticed a deep elf pyromancer
  8984 | Elf:1    | Noticed a deep elf pyromancer
  8984 | Elf:1    | Noticed a deep elf archer
  8984 | Elf:1    | Noticed a deep elf knight
  8984 | Elf:1    | Noticed a deep elf zephyrmancer
  8984 | Elf:1    | Noticed a deep elf zephyrmancer
  8984 | Elf:1    | Noticed a deep elf pyromancer
  8984 | Elf:1    | Noticed a deep elf zephyrmancer
  9069 | Orc:2    | Killed a deep elf pyromancer
  9070 | Orc:2    | Reached XP level 12. HP: 65/88 MP: 19/25
  9162 | Orc:2    | Identified the +0 robe of Gohixoi {+Inv rPois MP+9}
  9171 | Orc:2    | Noticed a centaur warrior
  9181 | Orc:2    | Engulfed by a cloud of flame

Illustrated notes

Levels and vault maps discovered:
D:1:      wander_arrival_peaceful_grave, layout_basic
D:2:      layout_basic, serial_shops, nicolae_shop_overgrown_old_shop,
          basic_altar, chequers_ecumenical_altar_island, fountainhead,
          skrybe_limestone_x, lemuel_old_faithful, uniq_natasha, uniq_jessica
D:3:      minmay_angry_zag, layout_loops_ring,
          lemuel_zombie_altar_kikubaaqudgha, fedhas_altar_1, nrook_campfire
D:4:      layout_basic, gup_sewer_entry_bowl, uniq_edmund,
          uniq_crazy_yiuf_cottage
D:5:      layout_loops_ring, minitemple, minmay_temple_entry_grid, serial_shops,
          kennysheep_mini_moat, minmay_misc_feat_columns, chequers_big_river
D:6:      black_bear_nest_2, layout_cave_pools, serial_shops, shop, uniq_maggie
D:7:      cheibrodos_barr_body, layout_cave_pools, enter_bailey_2,
          lightli_corner_chamber
D:8:      layout_cave_pools, uniq_joseph, uniq_grum
D:9:      layout_irregular_city, uniq_erica
D:10:     layout_stronghold, erik_lair_orcish_takeover, zombieorc1_lemuel
Temple:   minmay_temple_bridge_d
Orc:1:    layout_caves, serial_shops
Orc:2:    st_orc_rangers, layout_caves, serial_shops, nicolae_square_shop,
          nicolae_orc_stony_grotto, hangedman_minor_magic
Elf:1:    minmay_elf_arrival_circle, layout_geoelf_octagon, minivault_28,
          nrook_loot_triangle

Skill      XL: |  1  2  3  4  5  6  7  8  9 10 11 12 |
---------------+-------------------------------------+-----
Conjurations   | 2 3 4 6 7 |  7.4
Poison Magic   | 2 5 6 7 9 |  9.0
Necromancy     | 1 2 10 11 12 | 12.8
Translocations | 2 3 |  3.0
Stealth        | 5 6 8 9 |  9.0
Spellcasting   | 7 8 9 |  9.0
Shields        | 3 |  3.0
Dodging        | |  1.5
Summonings     | |  1.0

Action                   |  1- 3 |  4- 6 |  7- 9 | 10-12 || total
-------------------------+-------+-------+-------+-------++-------
Melee: Dagger            |     1 |       |    46 |    65 ||   112
       Short sword       |     2 |    40 |     6 |       ||    48
       Quarterstaff      |       |       |    30 |    49 ||    79
       Morningstar       |       |       |       |   152 ||   152
       Flail             |       |       |       |    51 ||    51
       Staff             |       |       |       |    10 ||    10
 Cast: Magic Dart        |    26 |   111 |    77 |    81 ||   295
       Mephitic Cloud    |       |     1 |    11 |    62 ||    74
       Vampiric Draining |       |       |     9 |    33 ||    42
       Dispel Undead     |       |       |    12 |    34 ||    46
       Animate Dead      |       |       |     1 |    10 ||    11
       Sublimation of Bl |       |       |       |     5 ||     5
       Blink             |       |       |       |     3 ||     3
       Iskenderun's Myst |       |       |       |     1 ||     1
Invok: Receive Corpses   |       |       |     1 |     2 ||     3
 Abil: Spit Poison       |    27 |    72 |    57 |   110 ||   266
Evoke: Wand              |       |       |       |     1 ||     1
       Lightning rod     |       |       |       |     1 ||     1
  Use: Potion            |     2 |       |     3 |       ||     5
       Scroll            |       |       |     9 |     7 ||    16
 Stab: Sleeping          |     1 |     2 |     1 |     1 ||     5
       Confused          |       |       |     4 |    15 ||    19
       Distracted        |       |       |       |     2 ||     2
       Paralysed         |       |       |       |     1 ||     1
Armor: Robe              |    10 |    22 |    43 |       ||    75
       Steam dragon scal |       |       |       |   179 ||   179
Dodge: Dodged            |    11 |    43 |    56 |   265 ||   375
Block: Buckler           |       |       |       |    35 ||    35
